 Dungeon Crawl Stone Soup version 0.32-a0-918-g0f22ef8d61 (webtiles) character file.

Game seed: 5388296752213305289

14754 icebreaker629 the Cleaver (level 12, -3/94 HPs)
             Began as a Human Berserker on Apr 10, 2024.
             Was a High Priest of Trog.
             Slain by an ice beast (13 damage)
             ... summoned by an ice statue
             ... in an ice cave.
             The game lasted 00:33:35 (11965 turns).

icebreaker629 the Cleaver (Human Berserker)        Turns: 11965, Time: 00:33:35

Health: -3/94      AC: 23    Str: 25    XL:     12   Next: 19%
Magic:  12/12      EV:  9    Int:  7    God:    Trog [*****.]
Gold:   839        SH:  0    Dex: 14    Spells: 11/11 levels left

rFire   . . .        x - +2 broad axe (flame)
rCold   . . .        (no shield)
rNeg    . . .        c - +0 plate armour
rPois   .            (no helmet)
rElec   .            t - +2 cloak
rCorr   .            f - +2 pair of gloves {Str+3}
SInv    +            k - +1 pair of boots
Will    .....        (no amulet) Stlth
                     d - ring of see invisible
HPRegen 0.35/turn    (no ring)
MPRegen 0.13/turn

%: no passive effects
@: no status effects
A: explore regen
a: Renounce Religion, Berserk, Trog's Hand, Brothers in Arms


You were in an ice cave.
You worshipped Trog.
Trog was extremely pleased with you.
You visited 1 branch of the dungeon, and saw 11 of its levels.
You also visited: Ice Cave.

You collected 839 gold pieces.

Inventory:

Hand Weapons
 a - a +0 hand axe
 l - a +2 broad axe of draining
 s - a +0 morningstar
 x - a +2 broad axe of flaming (weapon)
Missiles
 o - 35 poisoned darts (quivered)
Armour
 b - a +0 animal skin
 c - a +0 plate armour (worn)
 f - a +2 pair of gloves of strength (worn)
 k - a +1 pair of boots (worn)
 t - a +2 cloak (worn)
Jewellery
 d - a ring of see invisible (left hand)
 C - a ring of resist corrosion
Wands
 e - a wand of mindburst (4)
 i - a wand of roots (12)
 p - a wand of polymorph (14)
 y - a wand of quicksilver (3)
 A - a wand of digging (7)
Scrolls
 n - 2 scrolls of noise
 u - 2 scrolls of teleportation
 v - 3 scrolls of vulnerability
 w - a scroll of blinking
 B - a scroll of identify
 D - a scroll of immolation {unknown}
Potions
 g - 2 potions of enlightenment
 h - 2 potions of haste {unknown}
 j - 9 potions of ambrosia
 m - 3 potions of attraction
 q - 2 potions of magic {unknown}
 r - 2 potions of might {unknown}
 z - a potion of curing


   Skills:
 + Level 8.9 Fighting
 * Level 12.1 Axes
 + Level 8.5 Armour
 + Level 8.3 Dodging
 + Level 6.6 Shields


You had 11 spell levels left.
You didn't know any spells.
Your spell library was empty.

Dungeon Overview and Level Annotations

Branches:
Dungeon (11/15)            Temple (0/1) D:5            Lair (0/5) D:11
  IceCv (1/1)
    Orc: D:9-12

Altars:
Cheibriados
Elyvilon
Fedhas
Hepliaklqana
Kikubaaqudgha
Makhleb
Nemelex Xobeh
Qazlal
Ru
Vehumet

Shops:
D:9 *

Annotations:
D:1 2 transporters
D:4 2 runed translucent doors, gouglew's ghost, amateur MfSh
D:6 2 transporters, flt's ghost, amateur OnDe IceCv exclusion: ice statue


Innate Abilities, Weirdness & Mutations

You regain HP and MP as you explore.


Message History

You are engulfed in freezing vapours.
The ice beast hits you but does no damage. x2
You hit the ice statue but do no damage.
The ice statue is heavily damaged.
You slash the ice beast!
You melt the ice beast.
You slash the ice beast!
You melt the ice beast.
You hit the ice beast.
You melt the ice beast.
You are engulfed in freezing vapours.
* * * LOW HITPOINT WARNING * * *
The ice beast hits you but does no damage.
The ice beast barely misses you.
The ice beast hits you but does no damage.
You are engulfed in freezing vapours.
* * * LOW HITPOINT WARNING * * *
The ice beast attacks as it pursues you!
The ice beast barely misses you.
The ice beast attacks as it pursues you!
The ice beast barely misses you.
You hit the ice beast.
You melt the ice beast.
The ice beast is almost dead.
You hit the ice beast.
You melt the ice beast.
You kill the ice beast!
The ice beast disappears in a puff of smoke!
You closely miss the ice beast.
The ice beast is lightly wounded.
You barely miss the ice beast. The ice beast barely misses you.
The ice beast hits you.
* * * LOW HITPOINT WARNING * * *
The ice beast freezes you!
* * * LOW HITPOINT WARNING * * *
You barely miss the ice beast.
The ice beast is almost dead.
You barely miss the ice beast. The ice beast closely misses you.
The ice beast hits you but does no damage.
Unknown command.
You hit the ice beast.
You melt the ice beast.
The ice beast is almost dead.
You slash the ice beast!
You melt the ice beast.
The ice beast hits you.
* * * LOW HITPOINT WARNING * * *
The ice beast freezes you!
You die...

#...............#
#...............#
#.......⌠.......#
#...............#
#...............#
#.............#
#.............#
#.......YY..#
##.#....@#I##
####...####
#...## ##...#
##...# #...##
##...## ##.....##
#...∩...#


You could see 2 ice beasts.

Vanquished Creatures
  3 two-headed ogres
  Pikel (D:4)
  2 cyclopes
  A gargoyle (D:10)
  An ice statue (IceCv)
  3 ice devils (IceCv)
  A queen bee (D:9)
  Prince Ribbit (D:6)
  A shadow (D:10)
  3 centaur simulacra
  3 wraiths
  Eustachio (D:5)
  10 yaks
  3 steam dragons
  An unseen horror simulacrum (D:10)
  4 vampire mosquitoes (D:10)
  A death yak simulacrum (IceCv)
  Grum (D:8)
  4 water moccasins
  6 orc warriors
  A sky beast (D:6)
  4 ice beasts
  2 black bears
  2 ogres (D:7)
  4 wolves (D:8)
  4 centaurs
  A lemure (D:4)
  A phantom (D:6)
  2 kobold brigands
  2 bullfrogs
  A gnoll sergeant (D:3)
  5 scorpions
  5 wights (D:6)
  27 killer bees (D:9)
  3 howler monkeys (D:9)
  2 electric eels
  6 jellies
  A bombardier beetle (D:6)
  7 orc priests
  Crazy Yiuf (D:4)
  2 hounds
  2 iguanas
  2 sleepcaps (D:4)
  Ijyb (D:4)
  12 orc wizards
  Natasha (twice) (D:4)
  2 spriggan simulacra (IceCv)
  A wolf simulacrum (IceCv)
  11 gnolls
  9 adders
  A shadow imp (D:8)
  4 white imps
  2 ufetubi
  A ribbon worm (D:5)
  4 dart slugs
  37 orcs
  6 endoplasms
  A giant cockroach (D:1)
  8 goblins
  7 hobgoblins
  A jackal (D:4)
  2 quokkas
  6 ball pythons
  6 bats (D:3)
  4 frilled lizards
  17 kobolds
  3 rats
286 creatures vanquished.

Vanquished Creatures (others)
  An orc (D:8)
1 creature vanquished.

Grand Total: 287 creatures vanquished

Notes
Turn   | Place    | Note
-------+----------+-------------------------------------------
     0 | D:1      | icebreaker629 the Human Berserker began the quest for the
                  | Orb.
     0 | D:1      | Reached XP level 1. HP: 18/18 MP: 1/1
   208 | D:1      | Identified a scroll of acquirement
   208 | D:1      | Acquired a +1 pair of gloves of strength
   294 | D:1      | Reached XP level 2. HP: 18/24 MP: 2/2
   307 | D:1      | Found a faded altar of an unknown god.
  1004 | D:2      | Reached XP level 3. HP: 29/29 MP: 3/3
  1032 | D:2      | Reached ** piety under Trog
  1359 | D:4      | Reached XP level 4. HP: 7/35 MP: 4/4
  1506 | D:3      | Found a sacrificial altar of Ru.
  1538 | D:3      | Reached skill level 4 in Axes
  1711 | D:3      | Noticed a gnoll sergeant
  1720 | D:3      | Reached XP level 5. HP: 19/41 MP: 5/5
  2198 | D:3      | Reached XP level 6. HP: 48/48 MP: 6/6
  2402 | D:3      | Identified the +1 pair of gloves of the Kettle-Drum {rCorr}
  2484 | D:4      | Found a stormy altar of Qazlal.
  2487 | D:4      | Found a radiant altar of Vehumet.
  2496 | D:4      | Found a blossoming altar of Fedhas.
  2500 | D:4      | Found a white marble altar of Elyvilon.
  2503 | D:4      | Found an ancient bone altar of Kikubaaqudgha.
  2510 | D:4      | Found a burning altar of Makhleb.
  2576 | D:4      | Reached skill level 5 in Axes
  2843 | D:5      | Entered Level 5 of the Dungeon
  2845 | D:5      | Noticed a water moccasin
  2845 | D:5      | Noticed Pikel
  3002 | D:4      | Killed Pikel
  3003 | D:4      | Reached skill level 6 in Axes
  3003 | D:4      | Reached XP level 7. HP: 18/55 MP: 7/7
  3003 | D:4      | Reached XP level 8. HP: 20/61 MP: 8/8
  3163 | D:5      | Reached skill level 5 in Fighting
  3420 | D:4      | Found a runed translucent door.
  3421 | D:4      | Noticed Crazy Yiuf
  3531 | D:4      | Noticed Natasha
  3531 | D:4      | Noticed Ijyb
  3537 | D:4      | Killed Natasha
  3551 | D:4      | Killed Ijyb
  3564 | D:4      | Reached *** piety under Trog
  3694 | D:4      | Found a runed translucent door.
  3695 | D:4      | Noticed gouglew's ghost (amateur MfSh)
  3821 | D:4      | Found a runed translucent door.
  3974 | D:5      | Found a staircase to the Ecumenical Temple.
  4024 | D:5      | Reached skill level 7 in Axes
  4639 | D:5      | Noticed Eustachio
  4649 | D:5      | Reached skill level 5 in Armour
  4649 | D:5      | Reached skill level 5 in Dodging
  4727 | D:5      | Killed Eustachio
  4728 | D:5      | Reached skill level 1 in Shields
  5075 | D:6      | Reached XP level 9. HP: 42/69 MP: 9/9
  5292 | D:6      | Noticed Prince Ribbit
  5323 | D:6      | Killed Prince Ribbit
  5324 | D:6      | Reached skill level 8 in Axes
  5492 | D:6      | Found a transporter.
  5503 | D:6      | Noticed flt's ghost (amateur OnDe)
  5506 | D:6      | Noticed an unseen horror
  5538 | D:6      | Noticed an unseen horror
  5932 | D:6      | Found a transporter.
  6217 | D:4      | Noticed Natasha
  6222 | D:4      | Killed Natasha
  6274 | D:4      | Killed Crazy Yiuf
  6518 | D:7      | Found a hazy altar of Hepliaklqana.
  6530 | D:7      | Reached skill level 9 in Axes
  6530 | D:7      | Reached XP level 10. HP: 35/77 MP: 10/10
  6729 | D:7      | Reached **** piety under Trog
  6852 | D:8      | Noticed a two-headed ogre
  6852 | D:8      | Noticed a two-headed ogre
  6854 | D:8      | Noticed Grum
  6990 | D:8      | Found a sparkling altar of Nemelex Xobeh.
  7064 | D:8      | Killed a two-headed ogre
  7150 | D:8      | Killed Grum
  7280 | D:8      | Killed a two-headed ogre
  7281 | D:8      | Reached skill level 10 in Axes
  7734 | D:9      | Found Heskuku's Demolitions Depot.
  8002 | D:10     | Entered Level 10 of the Dungeon
  8014 | D:9      | Reached ***** piety under Trog
  8403 | D:9      | Reached XP level 11. HP: 74/84 MP: 11/11
  8408 | D:9      | Reached skill level 5 in Shields
  9250 | D:10     | Found a snail-covered altar of Cheibriados.
  9313 | D:10     | Reached skill level 11 in Axes
  9372 | D:10     | Received a gift from Trog
  9455 | D:10     | Noticed a cyclops
  9463 | D:10     | Killed a cyclops
  9613 | D:10     | HP: 3/86 [gargoyle/stone arrow (24)]
  9614 | D:10     | HP: 1/129 [gargoyle/+0 flail (4)]
 10199 | D:10     | Noticed a two-headed ogre
 10206 | D:10     | Killed a two-headed ogre
 11069 | D:11     | Found a staircase to the Lair.
 11126 | D:11     | Noticed a cyclops
 11273 | D:10     | Reached XP level 12. HP: 67/94 MP: 12/12
 11441 | D:11     | Found a frozen archway.
 11451 | IceCv    | Entered an ice cave
 11474 | IceCv    | Reached skill level 12 in Axes
 11965 | IceCv    | Slain by an ice beast

Illustrated notes

Levels and vault maps discovered:
D:1:      spicycebolla_arrival_transporter_tutorial, layout_rooms,
          shapermc_ecumenical_altar_rom_forum, minmay_misc_feat_columns,
          fountainhead
D:2:      layout_loops_ring, lexackson_kobold_supper
D:3:      minmay_chambers_of_twos, layout_rooms,
          mainiacjoe_overflow_cross_hatched, serial_curves, eino_curves_03,
          eino_curves_03, kennysheep_generic_room_9
D:4:      minmay_skewed_foursquare, layout_loops_cross,
          nicolae_overflow_hallway_of_the_gods, ebering_ghost_sewer_f,
          skrybe_limestone_x, minmay_close_crescents, uniq_natasha, uniq_ijyb,
          uniq_crazy_yiuf_cottage
D:5:      layout_loops_ring, minmay_temple_entry_offerings, minmay_statues_item,
          kennysheep_generic_room_2, uniq_eustachio, uniq_pikel
D:6:      layout_basic, gammafunk_ghost_arena, uniq_prince_ribbit1
D:7:      layout_basic, old_standard_altar, minmay_misc_feat_more_columns
D:8:      layout_rooms, mainiacjoe_overflow_tiny_flanked, small_statue_alley_b,
          uniq_grum
D:9:      layout_loops_ring, special_room [special_room_bee],
          nicolae_blasting_shop
D:10:     minmay_goldmine, layout_basic, mainiacjoe_overflow_surrounded_room,
          serial_ice, serial_ice_l, serial_ice_n, serial_ice_h, serial_ice_f
D:11:     layout_rooms, due_lair_maze_entry_diamond, serial_ice, serial_ice_k,
          serial_ice_b, serial_ice_c, serial_ice_g, serial_ice_o, serial_ice_d,
          serial_ice_m, serial_ice_e, portal_ice_cave_entry_pillars_1,
          nrook_mini_backslash
IceCv:    ice_cave_tombish

Skill      XL: |  1  2  3  4  5  6  7  8  9 10 11 12 |
---------------+-------------------------------------+-----
Axes           | 4 6 7 9 10 11 12 | 12.1
Armour         | 3 4 5 6 7 8 |  8.5
Dodging        | 3 4 5 6 7 8 |  8.3
Fighting       | 4 5 6 7 8 |  8.9
Shields        | 1 3 4 6 |  6.6

Action                     |  1- 3 |  4- 6 |  7- 9 | 10-12 || total
---------------------------+-------+-------+-------+-------++-------
  Melee: Hand axe          |   104 |   182 |   109 |       ||   395
         Broad axe         |       |       |   260 |   533 ||   793
  Throw: Dart              |       |       |     7 |       ||     7
 Invoke: Trog's Hand       |       |     1 |       |     3 ||     4
         Berserk           |       |     2 |     2 |     6 ||    10
  Evoke: Wand              |       |       |       |     3 ||     3
    Use: Scroll            |     3 |     2 |     7 |     8 ||    20
         Potion            |       |       |     1 |     3 ||     4
   Stab: Distracted        |       |       |       |     1 ||     1
 Armour: Plate armour      |    90 |   223 |   394 |   695 ||  1402
         Skin              |     6 |       |       |       ||     6
         Animal skin       |     3 |       |       |       ||     3
  Dodge: Dodged            |    21 |    75 |   155 |   348 ||   599

Table legend: (Time is in decaauts)
 A = Elapsed time spent in this place.
 B = Non-inter-level travel time spent in this place.
 C = Inter-level travel time spent in this place.
 D = Time resting spent in this place.
 E = Time spent auto-exploring this place.
 F = Levels seen in this place.
 G = Mean time per level.
                   A        B        C        D        E       F      G
               +--------+--------+--------+--------+--------+-----+--------+
         Total |  12276 |  11652 |    624 |   3901 |   1849 |  12 | 1023.0 |
       Dungeon |  11757 |  11133 |    624 |   3524 |   1849 |  11 | 1068.8 |
      Ice Cave |    518 |    518 |      0 |    376 |      0 |   1 |  518.0 |
               +--------+--------+--------+--------+--------+-----+--------+

Top non-repeatable levels by time:
    D:10: 2272 daAuts
     D:4: 1665 daAuts
     D:9: 1531 daAuts
     D:6: 1219 daAuts
     D:5: 1141 daAuts
     D:3: 1049 daAuts
     D:2: 802 daAuts
     D:8: 676 daAuts
     D:7: 653 daAuts
     D:1: 652 daAuts
   IceCv: 518 daAuts
    D:11: 93 daAuts
